 Dungeon Crawl Stone Soup version 0.22-a0-482-g76e0a5f (webtiles) character file.

763 epen the Chopper (level 7, -3/62 HPs)
             Began as a Minotaur Monk on June 17, 2018.
             Slain by a gnoll
             ... wielding a +0 flail
              (12 damage)
             ... on level 4 of the Dungeon.
             The game lasted 00:06:31 (4889 turns).

epen the Chopper (Minotaur Monk)                    Turns: 4889, Time: 00:06:32

Health: -3/62      AC:  4    Str: 17    XL:     7   Next: 51%
Magic:  6/6        EV: 14    Int:  7    God:
Gold:   263        SH:  0    Dex: 13    Spells: 6/6 levels left

rFire    + . .     SeeInvis .   a - +0 hand axe
rCold    + . .     Gourm    .   (no shield)
rNeg     . . .     Faith    .   p - +1 robe {rC+ rF+}
rPois    .         Spirit   .   (helmet restricted)
rElec    .         Reflect  .   (no cloak)
rCorr    .         Harm     .   q - +0 pair of gloves
MR       .....                  (no boots)
Stlth    ++........             (no amulet)
HPRegen  0.20/turn              (no ring)
MPRegen  0.10/turn              (no ring)

@: no status effects
A: retaliatory headbutt, horns 2
a: no special abilities


You were on level 4 of the Dungeon.
You were hungry.

You visited 1 branch of the dungeon, and saw 4 of its levels.

You collected 263 gold pieces.

Inventory:

Hand Weapons
 a - a +0 hand axe (weapon)
Armour
 b - a +0 robe
 p - a +1 robe of resistance (worn)
 q - a +0 pair of gloves (worn)
Jewellery
 n - an uncursed ring of ice
Wands
 t - a wand of flame (26)
Scrolls
 d - 4 scrolls of teleportation {unknown}
 e - 4 scrolls of immolation {unknown}
 f - 2 scrolls of blinking {unknown}
 i - 4 scrolls of remove curse {unknown}
 j - 3 scrolls of identify {unknown}
 k - a scroll of enchant weapon {unknown}
 m - a scroll of fog {unknown}
Potions
 g - 2 potions of curing {unknown}
 h - 2 potions of heal wounds {unknown}
 l - a potion of mutation {unknown}
 o - a potion of lignification {unknown}
 r - 2 potions of degeneration {unknown}
 u - 2 potions of ambrosia {unknown}
Comestibles
 c - 8 rations
 s - 2 chunks of flesh


   Skills:
 + Level 5.7 Fighting
 * Level 7.3 Axes
 + Level 4.2 Armour
 + Level 5.2 Dodging
 - Level 1.5 Stealth


You had 6 spell levels left.
You didn't know any spells.
Your spell library was empty.

Dungeon Overview and Level Annotations

Branches:
Dungeon (4/15)
 Temple: D:4-7

Altars:
Ashenzari
Yredelemnul


Innate Abilities, Weirdness & Mutations

You reflexively headbutt those who attack you in melee.
You have a pair of horns on your head.


Message History

You hit the big kobold but do no damage.
Your headbutt misses the big kobold.
The big kobold is almost dead.
You slash the hobgoblin!
You kill the hobgoblin!
The big kobold hits you with a club.
* * * LOW HITPOINT WARNING * * *
You hit the big kobold.
You kill the big kobold!
You hit the hobgoblin. The hobgoblin misses you.
You slash the hobgoblin!
You kill the hobgoblin!
You closely miss the kobold. Your headbutt misses the kobold.
The kobold hits you with a dagger.
* * * LOW HITPOINT WARNING * * *
You closely miss the kobold. The kobold closely misses you.
You slash the kobold!
You kill the kobold!
You hit the gnoll but do no damage. The gnoll hits you with a flail!
You die...

##### #...######## ####
#..)#......## ##...
#)))#.......###....
##'##........#.....
#..)........#...).
#...........'.....
#@)(.......(#....)
#g##.(....((#....) ≈≈≈≈≈≈≈
$$$#.)(.((.###....
#≈≈≈≈≈≈≈#$$$#(.((((## ##...
#≈≈≈≈≈≈≈#$$$###############
#≈≈≈≈≈≈≈#####≈≈≈≈≈≈≈≈≈≈≈≈≈≈
#≈≈≈≈≈≈≈≈≈≈≈≈≈≈≈≈≈≈≈≈≈≈≈≈≈≈
#≈≈≈≈≈≈≈≈≈≈≈≈≈≈≈≈≈≈≈≈≈≈≈≈≈≈
#≈≈..≈≈.≈≈..≈≈≈.≈.≈≈≈.≈≈≈.≈


You could see a gnoll.

Vanquished Creatures
  An ogre (D:4)
  3 big kobolds (D:4)
  A scorpion (D:4)
  Jessica (D:2)
  A bullfrog skeleton (D:4)
  An orc wizard (D:4)
  A worker ant (D:4)
  13 gnolls
  3 adders
  An ooze (D:1)
  3 dart slugs
  5 worms
  2 leopard geckos
  4 orcs (D:4)
  5 giant cockroaches
  31 goblins
  33 hobgoblins
  3 jackals (D:1)
  A quokka (D:4)
  6 ball pythons
  8 bats
  10 frilled lizards
  8 kobolds
  9 rats
154 creatures vanquished.

Notes
Turn   | Place    | Note
-------+----------+-------------------------------------------
     0 | D:1      | epen the Minotaur Monk began the quest for the Orb.
     0 | D:1      | Reached XP level 1. HP: 19/19 MP: 0/0
    49 | D:1      | Reached skill level 4 in Axes
    49 | D:1      | Reached XP level 2. HP: 26/27 MP: 1/1
   121 | D:1      | Reached skill level 1 in Armour
   327 | D:1      | Reached XP level 3. HP: 33/33 MP: 2/2
   834 | D:2      | Noticed Jessica
   843 | D:2      | Killed Jessica
   843 | D:2      | Reached XP level 4. HP: 29/40 MP: 3/3
  1495 | D:3      | Found a basalt altar of Yredelemnul.
  1495 | D:3      | Found a shattered altar of Ashenzari.
  1551 | D:3      | Reached skill level 5 in Axes
  1827 | D:3      | Reached XP level 5. HP: 38/47 MP: 4/4
  2919 | D:4      | Reached XP level 6. HP: 46/55 MP: 5/5
  3169 | D:3      | Reached skill level 6 in Axes
  3537 | D:4      | Reached skill level 5 in Fighting
  4668 | D:4      | Reached XP level 7. HP: 61/61 MP: 6/6
  4845 | D:4      | Reached skill level 5 in Dodging
  4870 | D:4      | Reached skill level 7 in Axes
  4889 | D:4      | Slain by a gnoll

Vault maps used:
D:1:      lightli_arrival_statuegarden
D:2:      first_ration, uniq_jessica
D:3:      gammafunk_temple_overflow_wave, serial_bayou_lake_a
D:4:      minmay_goblin_kobold_castle

Skill      XL: |  1  2  3  4  5  6  7 |
---------------+----------------------+-----
Axes           | 4 5 6 7 |  7.3
Armour         | 1 2 3 4 |  4.2
Fighting       | 4 5 |  5.7
Dodging        | 4 5 |  5.2
Stealth        | |  1.5

Action                   |  1- 3 |  4- 6 |  7- 9 || total
-------------------------+-------+-------+-------++-------
Melee: Hand axe          |    83 |   240 |    46 ||   369
       Headbutt          |    15 |    37 |     8 ||    60
 Stab: Sleeping          |     2 |     5 |       ||     7
       Distracted        |     2 |     1 |       ||     3
  Eat: Chunk             |       |     9 |       ||     9
       Ration            |       |     1 |       ||     1
Armor: Robe              |     9 |    19 |     4 ||    32
Dodge: Dodged            |    49 |   206 |    43 ||   298

Table legend:
 A = Spawn XP
 B = Non-spawn XP
 C = Spawn XP percentage of total XP
 D = Spawn monster count
 E = Non-spawn monster count
 F = Spawn count percentage of total count
 G = Total turns spent on level
                    A         B        C        D         E        F      G
               +---------+---------+-------+---------+---------+-------+---------
         Total |       0 |    1091 |   0.0 |       0 |     154 |   0.0 |  4889
               +---------+---------+-------+---------+---------+-------+---------
           D:1 |       0 |      53 |   0.0 |       0 |      32 |   0.0 |   629
           D:2 |       0 |      94 |   0.0 |       0 |      34 |   0.0 |   675
           D:3 |       0 |      63 |   0.0 |       0 |      17 |   0.0 |  1501
           D:4 |       0 |     881 |   0.0 |       0 |      71 |   0.0 |  2084
               +---------+---------+-------+---------+---------+-------+---------
